 Dungeon Crawl Stone Soup version 0.30.1 (webtiles) character file.

Game seed: 11793102051326016939

102424 aeroqp the Necromancer (level 15, -1/115 HPs)
             Began as a Demonspawn Necromancer on July 11, 2023.
             Was the Champion of Makhleb.
             Slain by a +4 vampiric scimitar (14 damage)
             ... on level 1 of the Elven Halls on July 12, 2023.
             The game lasted 00:57:50 (33957 turns).

aeroqp the Necromancer (Demonspawn Necromancer)    Turns: 33957, Time: 00:57:51

Health: -1/115     AC: 13    Str:  7      XL:     15   Next: 86%
Magic:  0/29       EV: 19    Int: 31 (32) God:    Makhleb [******]
Gold:   457        SH:  6    Dex: 17      Spells: 16/34 levels left

rFire   . . .        O - +6 whip "Imp's Demise" {heavy, +Blink Str-2 Int+7}
rCold   + . .        x - +1 buckler
rNeg    + + .        b - +3 leather armour of the Demon Prince {Harm Regen+}
rPois   +            a - +1 hat {Int+3}
rElec   .            K - +2 ratskin cloak {*Rats rPois rN+ Str-1 Int-1 Dex+1}
rCorr   .            C - +0 pair of fencer's gloves {Riposte Dex+3}
SInv    +            p - +0 pair of boots
Will    +....        Y - amulet "Qien" {rC+ rN+ Regen+ Stlth+}
Stlth   +++          T - ring of see invisible
HPRegen 1.99/turn    J - ring of the Cricket {Dex+2 Slay+4}
MPRegen 0.42/turn

%: harm (+30% outgoing, +20% incoming), guardian spirit
@: no status effects
A: hooves 1, repulsion field 2, demonic guardian 1, magic shield, magic
regeneration, magic link, bedeviling, clumsy 1, deterioration 1
a: Renounce Religion, Evoke Blink, Minor Destruction, Lesser Servant of Makhleb,
Major Destruction, Greater Servant of Makhleb


You were on level 1 of the Elven Halls.
You worshipped Makhleb.
Makhleb was exalted by your worship.
You visited 5 branches of the dungeon, and saw 25 of its levels.
You also visited: Bailey and Gauntlet.

You collected 2488 gold pieces.
You spent 2031 gold pieces at shops.

Inventory:

Hand Weapons
 O - the +6 whip "Imp's Demise" (weapon) {heavy, +Blink Str-2 Int+7}
   (You found it on level 9 of the Dungeon)

   Str:       It affects your strength (-2).
   Int:       It affects your intelligence (+7).
   +Blink:    It lets you blink.
 W - the +6 great sword of the Spheres {flame, rF+}
   (You found it on level 5 of the Lair of Beasts)

   rF:        It protects you from fire.
Missiles
 Q - 6 curare-tipped darts
 U - 2 throwing nets
Armour
 a - a +1 hat of intelligence (worn)
 b - the +3 leather armour of the Demon Prince (worn) {Harm Regen+}
   (You found it on level 4 of the Lair of Beasts)

   Regen:     It increases your rate of health regeneration.
   Harm:      It increases damage dealt and taken.
 p - a +0 pair of boots (worn)
 x - a +1 buckler (worn)
 C - the +0 pair of fencer's gloves (worn) {Riposte Dex+3}
   (You bought it in a shop on level 2 of the Orcish Mines)

   Riposte:   It allows the wearer to riposte with melee weapons, swiftly
   retaliating against missed or blocked melee attacks.
   Dex:       It affects your dexterity (+3).
 E - the +0 leather armour of Refuge {rElec Int+4}
   (You bought it in a shop on level 2 of the Orcish Mines)

   Int:       It affects your intelligence (+4).
   rElec:     It insulates you from electricity.
 F - a +2 pair of gloves of infusion
 K - the +2 ratskin cloak (worn) {*Rats rPois rN+ Str-1 Int-1 Dex+1}
   (You found it on level 8 of the Dungeon)

   *Rats:     When the wearer is hurt, rats may emerge from it to assist them.
   Str:       It affects your strength (-1).
   Int:       It affects your intelligence (-1).
   Dex:       It affects your dexterity (+1).
   rPois:     It protects you from poison.
   rN:        It protects you from negative energy.
Magical Staves
 G - a staff of death
Jewellery
 o - a ring of protection from fire
 y - a ring of protection from fire
 A - a ring of ice
 J - the ring of the Cricket (right hand) {Dex+2 Slay+4}
   (You found it on level 8 of the Dungeon)

   [ring of slaying]

   Dex:       It affects your dexterity (+2).
   Slay:      It affects your accuracy & damage with ranged weapons and melee
   (+4).
 T - a ring of see invisible (left hand)
 Y - the amulet "Qien" (around neck) {rC+ rN+ Regen+ Stlth+}
   (You found it in a Gauntlet)

   [amulet of regeneration]

   rC:        It protects you from cold.
   rN:        It protects you from negative energy.
   Regen:     It increases your rate of health regeneration.
   Stlth:     It makes you more stealthy.
 Z - a ring of ice
Wands
 h - a wand of flame (17)
 z - a wand of paralysis (18)
 I - a wand of mindburst (24)
 N - a wand of digging (1)
 R - a wand of iceblast (24)
 S - a wand of light (8)
 V - a wand of polymorph (7)
Scrolls
 e - a scroll of blinking
 f - 4 scrolls of vulnerability
 g - 6 scrolls of teleportation
 i - 4 scrolls of butterflies
 j - 8 scrolls of magic mapping
 k - 7 scrolls of fog
 q - 6 scrolls of immolation
 B - a scroll of fear
 D - 4 scrolls of poison
 L - a scroll of identify
 P - a scroll of enchant weapon
 X - a scroll of silence
Potions
 c - 2 potions of attraction
 d - 2 potions of brilliance
 m - 9 potions of mutation
 n - 4 potions of haste
 r - 4 potions of curing
 s - 3 potions of heal wounds
 t - 5 potions of cancellation
 u - 2 potions of invisibility
 v - a potion of lignification
 w - 4 potions of berserk rage
 H - 3 potions of might
 M - 5 potions of flight
Miscellaneous
 l - a lightning rod (4/4)


   Skills:
 - Level 10.0 Fighting
 - Level 4.0 Armour
 - Level 10.0 Dodging
 - Level 1.7 Stealth
 - Level 4.0 Shields
 - Level 10.0 Spellcasting
 - Level 17.0 Necromancy
 + Level 7.7 Transmutations
 - Level 10.0 Earth Magic
 - Level 12.0 Invocations


You had 16 spell levels left.
You knew the following spells:

 Your Spells              Type           Power      Damage    Failure   Level
a - Necrotise             Necr           100%       1d9       0%          1
b - Vampiric Draining     Necr           88%        2d12      1%          3
c - Animate Dead          Necr           88%        N/A       1%          4
d - Agony                 Necr           88%        N/A       1%          5
e - Borgnjor's Vile Clut  Necr/Erth      39%        N/A       1%          5

Your spell library contained the following spells:

 Spells                   Type           Power      Damage    Failure   Level
 Beastly Appendage        Tmut           100%       N/A       1%          1
 Sandblast                Erth           100%       2d20      1%          1
 Passwall                 Tmut/Erth      52%        N/A       1%          2
 Wereblood                Tmut           59%        N/A       1%          2
 Stone Arrow              Conj/Erth      92%        3d12      2%          3
 Lee's Rapid Deconstruct  Erth           33%        3d17*     3%          5
 Spider Form              Tmut/Pois      39%        N/A       4%          3
 Apportation              Tloc           30%        N/A       8%          1
 Foxfire                  Conj/Fire      60%        2x1d7     8%          1
 Shock                    Conj/Air       60%        1d6       8%          1
 Summon Small Mammal      Summ           60%        N/A       8%          1
 Blade Hands              Tmut           29%        N/A       9%          5
 Animate Armour           Summ/Erth      92%        N/A       10%         4
 Leda's Liquefaction      Hex/Erth       31%        N/A       10%         4
 Blink                    Tloc           30%        N/A       11%         2
 Ensorcelled Hibernation  Hex/Ice        46%        N/A       11%         2
 Lesser Beckoning         Tloc           30%        N/A       11%         2
 Momentum Strike          Conj/Tloc      30%        3d8       11%         2
 Poisonous Vapours        Pois/Air       30%        N/A       11%         2
 Scorch                   Fire           30%        2d6       11%         2
 Inner Flame              Hex/Fire       23%        N/A       22%         3
 Mephitic Cloud           Conj/Pois/Air  15%        N/A       22%         3
 Portal Projectile        Hex/Tloc       46%        N/A       22%         3
 Swiftness                Air            15%        N/A       22%         3
 Tukima's Dance           Hex            23%        N/A       22%         3
 Volatile Blastmotes      Fire/Tloc      30%        2d12      22%         3
 Statue Form              Tmut/Erth      42%        N/A       30%         6
 Alistair's Intoxication  Tmut/Pois      26%        N/A       38%         5
 Borgnjor's Revivificati  Necr           44%        N/A       41%         8
 Airstrike                Air            7%         2d(2-18)  58%         4
 Flame Wave               Conj/Fire      15%        2d7       58%         4
 Fulminant Prism          Conj/Hex       11%        3d8       58%         4
 Iskenderun's Mystic Bla  Conj/Tloc      15%        2d5       58%         4
 Sticky Flame             Conj/Fire      15%        2d4       58%         4
 Summon Ice Beast         Ice/Summ       15%        N/A       58%         4
 Iron Shot                Conj/Erth      23%        9d5       82%         6
 Fireball                 Conj/Fire      7%         3d5       90%         5
 Freezing Cloud           Conj/Ice/Air   7%         6-21      90%         5
 Iskenderun's Battlesphe  Conj           15%        2d7       90%         5
 Eringya's Noxious Bog    Tmut/Pois      19%        N/A       93%         6
 Necromutation            Tmut/Necr      37%        N/A       97%         8
 Plasma Beam              Fire/Air       7%         2x1d20    100%        6
 Starburst                Conj/Fire      7%         6d4       100%        6
 Summon Cactus Giant      Summ           7%         N/A       100%        6
 Spellforged Servitor     Conj/Summ      7%         N/A       100%        7
 Storm Form               Tmut/Air       19%        N/A       100%        7
 Summon Horrible Things   Summ           7%         N/A       100%        8
 Death's Door             Necr           44%        N/A       100%        9


Dungeon Overview and Level Annotations

Branches:
Dungeon (15/15)            Temple (1/1) D:6            Lair (5/5) D:10
 Shoals (0/4) Lair:2       Spider (0/4) Lair:2        Slime (0/5) Lair:5
    Orc (2/2) D:11            Elf (2/3) Orc:2        Vaults (0/5) D:13
 Depths (0/4) D:15         Bailey (visited)         Gauntlet (visited)

Altars:
Ashenzari
Cheibriados
Dithmenos
Fedhas
Gozag
Hepliaklqana
Kikubaaqudgha
Makhleb
Nemelex Xobeh
Okawaru
Qazlal
Ru
Sif Muna
Trog
Uskayaw
Vehumet
Wu Jian
Xom
Yredelemnul

Shops:
D:1 !   D:5 (   Orc:2 [[([[

Annotations:
D:7 2 transporters, Mefist's ghost, novice DEFE
D:12 2 transporters, McKennaii's ghost, journeyman DgCj


Innate Abilities, Weirdness & Mutations

You have large cloven feet.
You are surrounded by a moderate repulsion field. (EV +3)
A weak demonic guardian rushes to your aid.
When hurt, damage is shared between your health and your magic reserves.
You regenerate magic rapidly.
When low on magic, you restore magic in place of health.
Your hexes are more powerful.
You are clumsy. (Dex -2)
Your body sometimes deteriorates upon taking damage.


Message History

The deep elf pyromancer gestures wildly while chanting.
The deep elf knight struggles to escape constriction.
The deep elf annihilator struggles to escape constriction.
A deep elf pyromancer comes into view. It is wielding a +0 heavy long sword.
The deep elf archer shoots an arrow.
The arrow closely misses you.
The deep elf archer shoots an arrow.
The arrow barely misses you.
You hear a shout!
The zombie hands release their grip on the deep elf annihilator.
The zombie hands release their grip on the deep elf knight.
The +4 vampiric scimitar hits you!
Your body deteriorates!
You feel dopey.
The +4 vampiric scimitar draws strength from your wounds!
The deep elf knight gestures wildly while chanting.
The deep elf knight flickers and vanishes for a moment.
The deep elf archer shoots an arrow.
The arrow hits you!!
The deep elf archer shoots an arrow.
The arrow hits you!
* * * LOW HITPOINT WARNING * * *
The +4 vampiric scimitar hits you.
* * * LOW HITPOINT WARNING * * *
A demonic guardian appears!
You climb upwards.
Your summoned ally is left behind.
There is a stone staircase leading down here.
Unknown command.
You hit the +4 vampiric scimitar.
The +4 vampiric scimitar is heavily damaged.
You block the +4 vampiric scimitar's attack.
The +4 vampiric scimitar hits you!
* * * LOW HITPOINT WARNING * * *
The +4 vampiric scimitar misses you.
You riposte.
You hit the +4 vampiric scimitar but do no damage.
The +4 vampiric scimitar is heavily damaged.
Casting: Borgnjor's Vile Clutch (mildly dangerous; 1% risk of failure)
Confirm with . or Enter, or press ? or * to list all spells.
You don't have enough magic to cast this spell.
Unknown command.
Unknown command.
You closely miss the +4 vampiric scimitar.
The +4 vampiric scimitar is heavily damaged.
The +4 vampiric scimitar hits you!!
You die...

.....#.........## #.#.....#.####
#...###.).......## #.........####
##..# #..........# ####..........
#..# ##.._.....## ##.#.....####
#..###.........# ##.#.......##
##..##).........####.#.........##
#...............................#
.....###.............#.........##
......#.....)...@...#.#.......###
........)........(..#..#.....###.
...............................'.
.......#.....[......##......####.
......##............###....## ##
.....####........#### ##.### #
#...## #........# #...# ##'##
##.......# #...# ##.# #.#####.#
####...####


You could see a +4 vampiric scimitar.

Vanquished Creatures
  Saint Roka (Orc:2)
  Gastronok (Orc:1)
  Frances (D:13)
  An orc warlord (Orc:1)
  A minotaur (Gauntlet)
  A dire elephant (D:15)
  Fannar (D:12)
  A great orb of eyes (D:13)
  6 hydras
  An ice dragon (Lair:5)
  3 catoblepae
  8 centaur warriors
  An ogre mage (D:15)
  8 two-headed ogres
  2 tengu warriors (D:15)
  A boulder beetle (D:15)
  3 death yaks (Lair:3)
  2 orc high priests
  3 dancing weapons (Elf:1)
  2 deep elf knights
  Sonja (D:10)
  Urug (D:13)
  3 skeletal warriors (D:14)
  An orange crystal statue (Gauntlet)
  Pikel (D:5)
  A deep elf archer (Elf:1)
  2 lindwurms
  A wizard (D:14)
  An orc knight (D:13)
  8 deep elf zephyrmancers
  A shining eye (Gauntlet)
  A salamander (D:15)
  6 ugly things
  3 deep elf pyromancers (Elf:1)
  2 oklob plants
  A wolf spider (D:15)
  4 cyclopes
  2 orc sorcerers
  3 elephants (Lair:5)
  A merfolk siren (Lair:2)
  6 manticores
  Joseph (D:10)
  3 black mambas
  A cane toad (shapeshifter) (D:15)
  4 torpor snails (Lair:5)
  A gargoyle (D:11)
  3 unseen horrors
  8 cane toads
  Maggie (D:6)
  A rime drake (Lair:4)
  An efreet (D:13)
  A komodo dragon (Lair:5)
  5 trolls
  3 meliai
  A wolf spider simulacrum (D:13)
  4 tyrant leeches (Lair:5)
  11 hornets
  7 dream sheep
  6 blink frogs
  A shadow (D:11)
  Sigmund (D:5)
  2 wraiths
  A spriggan (D:7)
  6 wyverns
  6 humans (D:13)
  2 vampires
  30 yaks
  3 fire elementals (Elf:1)
  A basilisk (Lair:4)
  A golden eye (Gauntlet)
  2 steam dragons
  6 vampire mosquitoes
  3 wargs
  6 water moccasins
  4 acid dragons
  A floating eye (Gauntlet)
  31 orc warriors
  2 black bears
  11 ogres
  13 wolves
  12 centaurs
  11 bullfrogs
  A kobold brigand (D:7)
  A gnoll sergeant (D:11)
  4 scorpions
  3 earth elementals
  2 wights (D:9)
  8 killer bees
  3 howler monkeys
  8 jellies
  5 electric eels
  5 crimson imps (D:9)
  3 hounds
  18 orc priests
  A sleepcap (D:5)
  24 orc wizards
  4 iguanas
  10 hell rats
  5 gnolls
  5 adders
  18 river rats (D:8)
  A shadow imp (D:9)
  4 white imps
  2 ufetubi
  2 worms
  4 dart slugs
  93 orcs
  5 endoplasms
  5 giant cockroaches
  12 goblins
  6 hobgoblins
  12 jackals
  6 quokkas
  6 ball pythons
  4 bats
  3 frilled lizards
  10 kobolds
  6 rats
625 creatures vanquished.

Vanquished Creatures (collateral kills)
  2 ogre magi (D:15)
  4 two-headed ogres (D:15)
  A tengu warrior (D:13)
  A skeletal warrior (D:14)
  2 cyclopes
  6 elephants (Lair:5)
  A manticore (D:15)
  A black mamba (Lair:3)
  A torpor snail (Lair:5)
  A cane toad (Lair:1)
  A meliai (D:15)
  A hornet (Lair:5)
  5 blink frogs (Lair:5)
  3 dream sheep (Lair:3)
  4 yaks
  9 humans (D:13)
  3 vampire mosquitoes
  A steam dragon (D:8)
  A warg (Orc:1)
  A water moccasin (Lair:5)
  A meliai simulacrum (D:15)
  10 orc warriors
  A sky beast (D:8)
  6 ogres
  13 centaurs
  A phantom (D:7)
  2 bullfrogs
  A wight (D:9)
  A killer bee (D:9)
  2 howler monkeys (D:8)
  2 crimson imps (D:9)
  6 orc priests (Orc:2)
  An iron imp (D:7)
  3 orc wizards
  2 river rats (D:8)
  A white imp (D:7)
  An ufetubus (D:6)
  20 orcs
  4 goblins (D:8)
  A hobgoblin (Bailey)
  A jackal (D:3)
  A rat (D:2)
130 creatures vanquished.

Vanquished Creatures (others)
  An unseen horror zombie (D:11)
  A hydra zombie (D:13)
  A meliai zombie (D:15)
  2 water elementals (Elf:1)
  A human (D:13)
  5 ogre zombies
  4 two-headed ogre zombies (D:15)
  A cane toad zombie (Lair:5)
  A hornet zombie (Lair:5)
  An elf zombie (Elf:1)
  A manticore zombie (D:15)
  8 blink frog zombies (Lair:5)
  2 vampire mosquito zombies (D:13)
  A cyclops zombie (D:15)
  7 yak zombies
  A warg zombie (Orc:2)
  A troll zombie (Orc:2)
  8 human zombies (D:13)
  5 centaur zombies
  30 orc zombies
  6 gnoll zombies
  4 goblin zombies (Bailey)
92 creatures vanquished.

Grand Total: 847 creatures vanquished

Notes
Turn   | Place    | Note
-------+----------+-------------------------------------------
     0 | D:1      | aeroqp the Demonspawn Necromancer began the quest for the
                  | Orb.
     0 | D:1      | Reached XP level 1. HP: 13/13 MP: 3/3
   392 | D:1      | Gained mutation: You regenerate magic rapidly. [demonic
                  | ancestry]
   392 | D:1      | Reached XP level 2. HP: 19/19 MP: 3/5
   484 | D:1      | Found Keaf's Distillery.
   486 | D:1      | Reached skill level 5 in Necromancy
  1177 | D:2      | Reached XP level 3. HP: 22/24 MP: 0/6
  1238 | D:2      | Found a faded altar of an unknown god.
  1450 | D:2      | Reached skill level 6 in Necromancy
  1485 | D:2      | Found a sparkling altar of Nemelex Xobeh.
  2081 | D:3      | Reached XP level 4. HP: 30/30 MP: 4/7
  2503 | D:3      | Identified the +4 quarterstaff "Naide Meri" {heavy, rCorr
                  | Str+3 Stlth-}
  3657 | D:4      | Reached skill level 7 in Necromancy
  3657 | D:4      | Reached XP level 5. HP: 35/35 MP: 3/8
  3850 | D:4      | Learned a level 3 spell: Vampiric Draining
  3855 | D:4      | Learned a level 4 spell: Animate Dead
  4568 | D:4      | Noticed a centaur
  4839 | D:4      | Killed a centaur
  4840 | D:4      | Reached skill level 8 in Necromancy
  4840 | D:4      | Gained mutation: When hurt, damage is shared between your
                  | health and your magic reserves. [demonic ancestry]
  4840 | D:4      | Reached XP level 6. HP: 36/41 MP: 2/9
  5349 | D:5      | Entered Level 5 of the Dungeon
  5714 | D:5      | Reached skill level 9 in Necromancy
  5732 | D:5      | Gained mutation: A weak demonic guardian rushes to your
                  | aid. [demonic ancestry]
  5732 | D:5      | Reached XP level 7. HP: 41/46 MP: 1/10
  5944 | D:5      | Got Vyicoeq's Anthology of Alteration and Phantasms
  5966 | D:5      | Found Feqoocil's Antique Weapon Emporium.
  6179 | D:1      | Bought a potion of curing for 33 gold pieces
  6179 | D:1      | Bought a potion of berserk rage for 55 gold pieces
  6326 | D:5      | Noticed Sigmund
  6335 | D:5      | Killed Sigmund
  6336 | D:5      | Reached skill level 10 in Necromancy
  6343 | D:5      | Noticed Pikel
  6353 | D:5      | Killed Pikel
  6354 | D:5      | Reached skill level 11 in Necromancy
  6354 | D:5      | Gained mutation: When low on magic, you restore magic in
                  | place of health. [demonic ancestry]
  6354 | D:5      | Reached XP level 8. HP: 48/52 MP: 3/11
  6696 | D:4      | Reached skill level 1 in Shields
  6696 | D:4      | Reached skill level 12 in Necromancy
  7706 | D:6      | Found a staircase to the Ecumenical Temple.
  7741 | Temple   | Entered the Ecumenical Temple
  7824 | Temple   | Became a worshipper of Makhleb the Destroyer
  7844 | D:6      | Found a hide-covered altar of Uskayaw.
  7900 | D:6      | Reached skill level 1 in Fighting
  8415 | D:6      | Noticed Maggie
  8418 | D:6      | Gained mutation: You have large cloven feet. [demonic
                  | ancestry]
  8418 | D:6      | Reached XP level 9. HP: 64/64 MP: 2/12
  8812 | D:6      | Found an ancient bone altar of Kikubaaqudgha.
  8897 | D:6      | Killed Maggie
  8964 | D:6      | Reached skill level 5 in Fighting
  9421 | D:7      | Noticed a boulder beetle
  9421 | D:7      | Noticed Mefist's ghost (novice DEFE)
  9421 | D:7      | Found a transporter.
  9593 | D:7      | Found a transporter.
  9799 | D:7      | Found a basalt altar of Yredelemnul.
  9812 | D:7      | Found a blossoming altar of Fedhas.
  9993 | D:7      | Reached * piety under Makhleb
 10162 | D:7      | Found a snail-covered altar of Cheibriados.
 10920 | D:5      | Bought an iridescent hand axe for 192 gold pieces
 10920 | D:5      | Identified the +1 hand axe "Otsu" {flame, rC+ Int+3} (You
                  | bought it in a shop on level 5 of the Dungeon)
 11422 | D:8      | Reached XP level 10. HP: 81/82 MP: 8/15
 11435 | D:8      | Found an ornate altar of the Wu Jian Council.
 11512 | D:8      | Reached ** piety under Makhleb
 11513 | D:8      | Found a flagged portal.
 11523 | Bailey   | Entered a bailey
 12079 | Bailey   | Noticed an orc high priest
 12091 | Bailey   | Noticed a smoke demon
 12095 | Bailey   | Noticed a rust devil
 12095 | Bailey   | Killed an orc high priest
 12922 | Bailey   | Acquired Great Wizards, Vol. II
 12931 | Bailey   | Learned a level 5 spell: Agony
 12937 | Bailey   | Learned a level 5 spell: Borgnjor's Vile Clutch
 12991 | Bailey   | Found an iron altar of Okawaru.
 12993 | Bailey   | Noticed an orc sorcerer
 12997 | Bailey   | Noticed a rust devil
 13011 | Bailey   | Noticed a sixfirhy
 13304 | Bailey   | Killed an orc sorcerer
 13305 | Bailey   | Reached skill level 5 in Spellcasting
 13305 | Bailey   | Reached skill level 1 in Earth Magic
 13781 | Bailey   | Identified the +9 dire flail of Mastery {pain, rF+ Will-
                  | Dex+5}
 13866 | D:8      | Identified the ring of the Cricket {Dex+2 Slay+4}
 14233 | D:8      | Found the +2 ratskin cloak {*Rats rPois rN+ Str-1 Int-1
                  | Dex+1}
 14465 | D:8      | Found a hazy altar of Hepliaklqana.
 14552 | D:9      | Reached *** piety under Makhleb
 14874 | D:9      | Reached skill level 10 in Fighting
 15240 | D:9      | Reached skill level 5 in Earth Magic
 15842 | D:9      | Gained mutation: Your hexes are more powerful. [demonic
                  | ancestry]
 15842 | D:9      | Reached XP level 11. HP: 89/89 MP: 12/18
 15848 | D:9      | Reached **** piety under Makhleb
 16093 | D:9      | Identified the +6 whip "Imp's Demise" {heavy, +Blink Str-2
                  | Int+7}
 16577 | D:10     | Entered Level 10 of the Dungeon
 17073 | D:10     | Noticed Sonja
 17081 | D:10     | Killed Sonja
 17232 | D:10     | Noticed Joseph
 17252 | D:10     | Killed Joseph
 17383 | D:10     | Paralysed by a hornet for 2 turns
 17666 | D:10     | Found a staircase to the Lair.
 17673 | D:10     | Reached skill level 1 in Invocations
 18054 | Lair:1   | Entered Level 1 of the Lair of Beasts
 18387 | Lair:1   | Reached skill level 5 in Invocations
 19711 | Lair:2   | Reached skill level 10 in Invocations
 19714 | Lair:2   | Reached XP level 12. HP: 97/97 MP: 0/19
 20261 | Lair:2   | Found a hole to the Spider Nest.
 20507 | Lair:2   | Found a staircase to the Shoals.
 20860 | Lair:3   | Reached skill level 13 in Necromancy
 20899 | Lair:3   | Noticed a death yak
 20903 | Lair:3   | Noticed a death yak
 20903 | Lair:3   | Noticed a death yak
 20918 | Lair:3   | Noticed a six-headed hydra
 20922 | Lair:3   | Killed a death yak
 20928 | Lair:3   | Killed a six-headed hydra
 20988 | Lair:3   | Killed a death yak
 20995 | Lair:3   | Killed a death yak
 21033 | Lair:3   | Reached ***** piety under Makhleb
 21034 | Lair:3   | Reached skill level 14 in Necromancy
 21467 | Lair:3   | Noticed a catoblepas
 21493 | Lair:3   | Killed a catoblepas
 21661 | Lair:3   | Noticed a catoblepas
 21679 | Lair:3   | Reached skill level 15 in Necromancy
 21690 | Lair:3   | Killed a catoblepas
 22664 | Lair:4   | Identified the +3 leather armour of the Demon Prince {Harm
                  | Regen+}
 22825 | Lair:4   | Identified the +1 kite shield of Ibaotsui {Will+ Str+5
                  | Int-5}
 22891 | Lair:4   | Noticed a catoblepas
 22899 | Lair:4   | Killed a catoblepas
 23117 | Lair:4   | Reached skill level 1 in Armour
 23496 | Lair:4   | Reached XP level 13. HP: 84/103 MP: 11/21
 23621 | Lair:5   | Entered Level 5 of the Lair of Beasts
 23790 | Lair:5   | Found a staircase to the Slime Pits.
 24093 | Lair:5   | Found an opulent altar of Gozag.
 24214 | Lair:5   | Reached skill level 5 in Dodging
 24535 | Lair:5   | Found a runed translucent door.
 24856 | Lair:5   | Reached skill level 10 in Earth Magic
 24911 | Lair:5   | Identified the +6 great sword of the Spheres {flame, rF+}
 25421 | D:11     | Found an iron altar of Okawaru.
 25985 | D:11     | Found a staircase to the Orcish Mines.
 26678 | D:12     | Found a gate leading to a gauntlet.
 26722 | Gauntlet | Entered a Gauntlet
 26722 | Gauntlet | Found a transporter.
 26722 | Gauntlet | Found a transporter.
 26727 | Gauntlet | Found a transporter.
 26727 | Gauntlet | Found a transporter.
 26730 | Gauntlet | Found a transporter.
 26763 | Gauntlet | Found a transporter.
 26763 | Gauntlet | Found a transporter.
 26764 | Gauntlet | Found a transporter.
 26775 | Gauntlet | Found a transporter.
 26792 | Gauntlet | Found a transporter.
 26799 | Gauntlet | Found a transporter.
 26816 | Gauntlet | Found a transporter.
 26836 | Gauntlet | Found a transporter.
 26837 | Gauntlet | Found a runed translucent door.
 26851 | Gauntlet | Found a transporter.
 26927 | Gauntlet | Paralysed by a hornet for 3 turns
 26941 | Gauntlet | Got the Volume of Geology and the Storm
 27131 | Gauntlet | Gained mutation: Your body sometimes deteriorates upon
                  | taking damage. [a shining eye]
 27133 | Gauntlet | Reached ****** piety under Makhleb
 27306 | Gauntlet | Gained mutation: You are clumsy. (Dex -2) [a shining eye]
 27322 | Gauntlet | Identified the amulet "Qien" {rC+ rN+ Regen+ Stlth+}
 27560 | Gauntlet | Noticed a minotaur
 27570 | Gauntlet | Noticed an Executioner
 27598 | Gauntlet | Killed a minotaur
 27599 | Gauntlet | Gained mutation: You are surrounded by a mild repulsion
                  | field. (EV +2) [demonic ancestry]
 27599 | Gauntlet | Reached XP level 14. HP: 26/110 MP: 10/22
 27872 | D:12     | Identified the +10 spear of Defiance {drain, rPois}
 28209 | D:12     | Found a transporter.
 28216 | D:12     | Noticed McKennaii's ghost (journeyman DgCj)
 28228 | D:12     | Found a transporter.
 28354 | D:12     | Noticed Fannar
 28359 | D:12     | Killed Fannar
 28517 | D:13     | Noticed Urug
 28517 | D:13     | Found a gate to the Vaults.
 28529 | D:13     | Reached skill level 10 in Dodging
 28530 | D:13     | Killed Urug
 28802 | D:13     | Noticed Frances
 28811 | D:13     | Killed Frances
 29048 | D:13     | Found a runed translucent door.
 29117 | D:13     | Identified the +2 plate armour "Jewn" {rN+}
 29755 | D:14     | Reached skill level 1 in Transmutations
 30135 | D:15     | Entered Level 15 of the Dungeon
 30443 | D:15     | Gained mutation: You are surrounded by a moderate repulsion
                  | field. (EV +3) [demonic ancestry]
 30443 | D:15     | Reached XP level 15. HP: 115/115 MP: 21/28
 30667 | D:15     | Identified the +0 great mace of Analysis {vamp, Fragile rF+
                  | rC+ Will+}
 30721 | D:15     | Found a staircase to the Depths.
 31198 | D:15     | Reached skill level 16 in Necromancy
 31207 | D:15     | Reached skill level 5 in Transmutations
 31259 | D:15     | Identified the +6 trident of Quantum Leap {elec, Will+}
 31436 | Orc:1    | Entered Level 1 of the Orcish Mines
 31655 | Orc:1    | Noticed Gastronok
 31664 | Orc:1    | Killed Gastronok
 31665 | Orc:1    | Reached skill level 10 in Spellcasting
 31962 | Orc:2    | Entered Level 2 of the Orcish Mines
 32108 | Orc:2    | Noticed Saint Roka
 32134 | Orc:2    | Killed Saint Roka
 32137 | Orc:2    | Found Galorghome's Antique Weapon Shop.
 32142 | Orc:2    | Found Suibufop's Antique Armour Boutique.
 32157 | Orc:2    | Bought the +0 pair of fencer's gloves {Riposte Dex+3} for
                  | 1520 gold pieces
 32157 | Orc:2    | Found the +0 pair of fencer's gloves {Riposte Dex+3}
 32230 | Orc:2    | Found a shimmering altar of Xom.
 32313 | Orc:2    | Found a staircase to the Elven Halls.
 32370 | Orc:2    | Found Fifiji's Armour Boutique.
 32456 | Orc:2    | Found Qetrezoll's Antique Armour Boutique.
 32545 | Orc:2    | Found Ceiheach's Antique Armour Boutique.
 32552 | Orc:2    | Bought a masterwork leather armour for 231 gold pieces
 32552 | Orc:2    | Identified the +0 leather armour of Refuge {rElec Int+4}
                  | (You bought it in a shop on level 2 of the Orcish Mines)
 32884 | Elf:1    | Entered Level 1 of the Elven Halls
 33391 | Elf:1    | Reached skill level 17 in Necromancy
 33517 | Elf:1    | Found a shimmering blue altar of Sif Muna.
 33903 | Elf:1    | Found a stormy altar of Qazlal.
 33957 | Elf:1    | Slain by a +4 vampiric scimitar

Illustrated notes

Levels and vault maps discovered:
D:1:      dpeg_arrival_tiny_j, layout_basic, serial_shops, nicolae_shop_crystal
D:2:      layout_rooms, basic_altar, hellmonk_ecumenical_altar_zigzags
D:3:      layout_basic
D:4:      layout_basic
D:5:      black_bear_nest_1, layout_basic, serial_shops,
          nicolae_shop_advertising_works [nicolae_subvault_shop_adworks],
          st_stairs_9, minmay_checkerbox, uniq_pikel, uniq_sigmund
D:6:      layout_basic, lemuel_crystal_altar, eat_drink_and_be_merry_uskayaw,
          minmay_temple_entry_arrows, minivault_11, uniq_maggie
D:7:      layout_loops_cross, slow_altar_1, yredelemnul_altar_generic,
          mainiacjoe_overflow_24_doors, gammafunk_ghost_arena, the_hattery
D:8:      wander_guarded_unrand_ratskin, layout_rooms,
          nzn_hepliaklqana_mist_gate, nicolae_overflow_crystal_walls,
          kennysheep_mini, enter_bailey_3, dreamdust_wishing_well
D:9:      layout_irregular_city, minmay_nine_imps
D:10:     layout_roguey, zin_treasury, grunt_lair_entry_orc_guard_hut,
          minmay_liquid_box, kennysheep_generic_room_9, uniq_sonja, uniq_joseph
D:11:     layout_basic, orc_0_dummy, okawaru_trees_2
D:12:     layout_small_grid, gammafunk_ghost_arena, gauntlet_entry_generic,
          uniq_fannar
D:13:     minmay_the_grid_triangle_9x9_rhombus_thin
          [minmay_the_grid_triangle_9x9_longest,
          minmay_the_grid_triangle_9x9_prize_schism,
          minmay_the_grid_triangle_9x9_subtriangle,
          minmay_the_grid_triangle_9x9_descending_squares], layout_long_grid,
          david_vaults_3, uniq_frances
D:14:     layout_rooms
D:15:     hangedman_depths_entry_try_elsewhere_first, layout_cave_pools,
          small_statue_intersection, grunt_decor_arrowhead
Temple:   cyrus_circular_temple
Lair:1:   layout_chaotic_city
Lair:2:   layout_gridlike, minmay_shoals_entry_lonely_mermaid,
          hellmonk_spider_entry_not_the_bees, serial_forest,
          infiniplex_forest_straight_2, infiniplex_forest_lined_room_,
          infiniplex_forest_clump_long, infiniplex_forest_clump_large,
          infiniplex_forest_split, lemuel_fruit_fields
Lair:3:   nzn_motion_control, layout_cellular_growth,
          nicolae_lair_grazing_beasts [nicolae_sub_lair_graze_edge,
          nicolae_sub_lair_graze_edge, nicolae_sub_lair_graze_edge,
          nicolae_sub_lair_graze_edge], lemuel_fruit_fields
Lair:4:   layout_roguey, infiniplex_staircase_pool
Lair:5:   wormcave, layout_cellular_growth, nicolae_slime_entry_field_trip,
          basic_altar, lemuel_fruit_fields, serial_bayou_shore_b
Orc:1:    layout_diamond_mine, serial_shops, nicolae_shop_tiny_waterfront,
          uniq_gastronok
Orc:2:    grunt_orc_community_town_hall, layout_caves,
          grunt_orc_community_big_house_1, grunt_orc_community_big_house_2,
          grunt_orc_community_house_1, grunt_orc_community_house_3,
          grunt_orc_community_house_1, grunt_orc_community_house_1,
          grunt_orc_community_house_3, grunt_orc_community_house_3, basic_altar,
          serial_shops, nicolae_shop_stone
Elf:1:    eino_elf_arrival_sip, layout_loops_corners, basic_altar,
          evilmike_minifort, minmay_fountain_box, nicolae_elf_altarnating
Elf:2:    elven_hall_of_blades_hangedman_original [mumra_blade_entry_dagger],
          layout_loops_cross

Skill      XL: |  1  2  3  4  5  6  7  8  9 10 11 12 13 14 15 |
---------------+----------------------------------------------+-----
Necromancy     | 5 6 7 8 9 11 12 15 17 | 17.0
Shields        | 4 |  4.0
Fighting       | 3 8 10 | 10.0
Spellcasting   | 3 5 9 10 | 10.0
Earth Magic    | 5 8 10 | 10.0
Invocations    | 10 12 | 12.0
Dodging        | 4 9 10 | 10.0
Armour         | 1 4 |  4.0
Transmutations | 3 7 |  7.7
Stealth        | |  1.7

Action                     |  1- 3 |  4- 6 |  7- 9 | 10-12 | 13-15 || total
---------------------------+-------+-------+-------+-------+-------++-------
  Melee: Unarmed           |    16 |     1 |       |       |       ||    17
         Quarterstaff      |       |     5 |       |       |       ||     5
         Hand axe          |       |       |    46 |   218 |       ||   264
         Whip              |       |       |    81 |   153 |   319 ||   553
  Throw: Dart              |       |       |     7 |       |       ||     7
   Cast: Necrotise         |    62 |    90 |    95 |    36 |       ||   283
         Vampiric Draining |       |     6 |    75 |    75 |     8 ||   164
         Animate Dead      |       |       |     2 |     7 |    10 ||    19
         Borgnjor's Vile C |       |       |       |    87 |   218 ||   305
         Agony             |       |       |       |    12 |       ||    12
 Invoke: Minor Destruction |       |       |       |     1 |       ||     1
         Major Destruction |       |       |       |     2 |     1 ||     3
         Greater Servant o |       |       |       |       |     3 ||     3
  Evoke: Wand              |       |     1 |    10 |     4 |       ||    15
    Use: Scroll            |       |     6 |     1 |    13 |    12 ||    32
         Potion            |       |     1 |     2 |     3 |    12 ||    18
   Stab: Distracted        |       |       |       |     2 |     4 ||     6
 Armour: Robe              |     1 |    11 |    85 |   223 |       ||   320
         Steam dragon scal |       |       |       |    18 |       ||    18
         Leather armour    |       |       |       |     3 |   329 ||   332
  Dodge: Dodged            |    28 |    48 |   172 |   316 |   637 ||  1201
  Block: Buckler           |       |       |    57 |   172 |   255 ||   484
Riposte: Whip              |       |       |       |       |    43 ||    43
